 Dungeon Crawl Stone Soup version 0.20.1-1-g8b1a95d (webtiles) character file.

1423 Jannitor the Skirmisher (level 8, -1/65 HPs)
             Began as a Mummy Monk on Aug 29, 2017.
             Slain by an orc wizard
             ... wielding a +0 dagger
              (2 damage)
             ... on level 7 of the Dungeon.
             The game lasted 00:25:04 (13379 turns).

Jannitor the Skirmisher (Mummy Monk)               Turns: 13379, Time: 00:25:05

Health: -1/65      AC:  3    Str: 15    XL:     8   Next: 44%
Magic:  8/8        EV: 15    Int:  9    God:
Gold:   195        SH:  0    Dex: 16    Spells: 7/7 levels left

rFire    x . .     SeeInvis +     - Unarmed
rCold    + + .     Gourm    .   (no shield)
rNeg     + + +     Faith    .   (no armour)
rPois    ∞         Spirit   .   h - +0 helmet
rElec    .         Reflect  .   e - +1 cloak
rCorr    .         Harm     .   (no gloves)
MR       +....                  (no boots)
Stlth    ++........             (no amulet)
Regen    0.2/turn               b - ring of protection from cold
MPRegen  0.2/turn               g - ring of see invisible

@: no status effects
A: no food or potions, fire vulnerability, cold resistance 1, negative energy
resistance 3, torment resistance, unbreathing
a: no special abilities


You were on level 7 of the Dungeon.
You were not hungry.

You visited 1 branch of the dungeon, and saw 7 of its levels.

You collected 195 gold pieces.

Inventory:

Armour
 e - a +1 cloak (worn)
 h - a +0 helmet (worn)
Jewellery
 b - a ring of protection from cold (left hand)
 g - a ring of see invisible (right hand)
 n - an uncursed ring of flight
Scrolls
 a - 2 scrolls of identify
 d - a scroll of silence {unknown}
 f - a scroll of amnesia
 i - 2 scrolls of remove curse
 k - a scroll of noise {unknown}
 l - a scroll of blinking {unknown}
 m - a scroll of recharging {unknown}


   Skills:
 + Level 6.6 Fighting
 + Level 4.5 Dodging
 - Level 1.5 Stealth
 * Level 6.5 Unarmed Combat


You had 7 spell levels left.
You didn't know any spells.

Dungeon Overview and Level Annotations

Branches:
Dungeon (7/15)
 Temple: D:4-7

Altars:
Ashenzari
Gozag
Ru
Zin

Annotations:
D:1 exclusion: gnoll
D:3 Grinder
D:4 Dowan
D:6 malin's ghost, novice SpEn


Innate Abilities, Weirdness & Mutations

You do not eat or drink.
Your flesh is vulnerable to fire.
You are immune to poison.
Your flesh is cold resistant. (rC+)
You are immune to negative energy. (rN+++)
You are immune to unholy pain and torment.
You can survive without breathing.


Message History

The orc misses you.
The orc wizard casts a spell.
The orc wizard seems to speed up.
The orc shouts!
As you read the scroll labeled NELEICLULE, it crumbles to dust.
Your bandages flutter.
It was a scroll of random uselessness.
The orc wizard hits you with a dagger.
* * * LOW HITPOINT WARNING * * *
The orc completely misses you. The orc warrior barely misses you.
You punch the orc wizard!
The orc wizard is severely wounded.
The orc wizard hits you but does no damage.
The orc misses you. The orc wizard hits you with a dagger.
* * * LOW HITPOINT WARNING * * *
The orc warrior hits you from afar with a glaive!
* * * LOW HITPOINT WARNING * * *
You hit the orc wizard but do no damage.
The orc wizard is severely wounded.
The orc wizard hits you with a dagger.
You die...

#.co#.# #.# ##.o#.#
####o######### #..#o####
#............# ####..#....#
#...c........# .....>oo##.#
#............# ........##.#
#............# ........##.#
#...(........#
........##.########.#########
##########.#..oo@oo.#
#.#.################# #.#.#
#........%..#
#####.#o#####.#########.#
#.....)........o# #.#
#####o#.#####.#.# #.#
#.....#.(..co.#o# #.#
####..#########.# #.#
#.....o...##.# #.#


You could see an orc warrior, an orc wizard and 2 orcs.

Vanquished Creatures
  An ice beast (D:5)
  Duvessa (D:4)
  2 phantoms
  A centaur (D:7)
  A bullfrog (D:5)
  A scorpion (D:5)
  A howler monkey (D:5)
  A crimson imp (D:5)
  2 hounds
  3 orc priests (D:5)
  3 orc wizards (D:5)
  3 centaur skeletons (D:5)
  6 worker ants
  A hound skeleton (D:7)
  A worker ant zombie (D:5)
  Robin (D:2)
  4 gnolls (D:4)
  9 adders
  2 oozes
  3 adder skeletons
  4 worms
  4 dart slugs
  2 leopard geckos
  17 orcs
  6 bats
  5 giant cockroaches
  19 goblins
  15 hobgoblins
  5 jackals
  A quokka (D:2)
  3 ball pythons
  11 frilled lizards
  7 kobolds
  5 rats
151 creatures vanquished.

Notes
Turn   | Place    | Note
-------+----------+-------------------------------------------
     0 | D:1      | Jannitor the Mummy Monk began the quest for the Orb.
     0 | D:1      | Reached XP level 1. HP: 18/18 MP: 1/1
   621 | D:1      | Reached XP level 2. HP: 24/24 MP: 2/2
  1764 | D:2      | Found a sacrificial altar of Ru.
  1971 | D:2      | Reached XP level 3. HP: 13/29 MP: 3/3
  3081 | D:2      | Noticed Robin
  3294 | D:2      | Reached XP level 4. HP: 25/37 MP: 4/4
  4012 | D:2      | Found a shattered altar of Ashenzari.
  4470 | D:2      | Found an opulent altar of Gozag.
  4470 | D:2      | Found a glowing silver altar of Zin.
  5023 | D:2      | Killed Robin
  5023 | D:2      | Reached XP level 5. HP: 28/43 MP: 5/5
  5284 | D:2      | Found a sacrificial altar of Ru.
  5422 | D:2      | Found a shattered altar of Ashenzari.
  5578 | D:2      | Found an opulent altar of Gozag.
  5579 | D:2      | Found a glowing silver altar of Zin.
  5776 | D:3      | Noticed Grinder
  6891 | D:4      | Noticed a phantom
  7134 | D:5      | Entered Level 5 of the Dungeon
  7352 | D:4      | Noticed a phantom
  7379 | D:4      | Reached skill level 5 in Fighting
  7385 | D:4      | Noticed an ogre
  7430 | D:5      | Reached XP level 6. HP: 3/51 MP: 6/6
  7784 | D:5      | Noticed an orc warrior
  8111 | D:4      | Noticed Duvessa
  8112 | D:4      | Noticed Dowan
  8419 | D:6      | Noticed malin's ghost (novice SpEn)
  8752 | D:5      | Noticed an ice beast
  8880 | D:5      | Killed an ice beast
  9160 | D:5      | Reached skill level 5 in Unarmed Combat
  9160 | D:5      | Reached XP level 7. HP: 34/56 MP: 7/7
 10828 | D:4      | Killed Duvessa
 11541 | D:3      | Reached XP level 8. HP: 16/64 MP: 8/8
 13378 | D:7      | HP: 1/65 [orc warrior/glaive (12)]
 13379 | D:7      | Slain by an orc wizard

Skill      XL: |  1  2  3  4  5  6  7 |
---------------+----------------------+-----
Unarmed Combat | 3 4 5 6 |  6.5
Fighting       | 4 5 6 |  6.6
Dodging        | 3 4 |  4.5
Stealth        | |  1.5

Action                   |  1- 3 |  4- 6 |  7- 9 || total
-------------------------+-------+-------+-------++-------
Melee: Unarmed           |   185 |   396 |   301 ||   882
       Punch             |     1 |     4 |    12 ||    17
  Use: Scroll            |       |     2 |     4 ||     6
 Stab: Sleeping          |     2 |     4 |     1 ||     7
       Paralysed         |     1 |       |       ||     1
       Distracted        |       |     1 |       ||     1
Armor: Skin              |       |    29 |    33 ||    62
Dodge: Dodged            |    98 |   234 |   179 ||   511
